 Seeded DCSS version 0.32-a0-900-g30fb1b0edc (webtiles) character file.

Game seed: 3004286359654636035 (custom seed)

1547 demibob the Cleaver (level 8, -11/63 HPs)
             Began as a Mountain Dwarf Fighter on Apr 6, 2024.
             Mangled by a gnoll sergeant
             ... wielding a +0 bardiche
              (21 damage)
             ... in a bailey.
             The game lasted 00:08:45 (6873 turns).

demibob the Cleaver (Mountain Dwarf Fighter)        Turns: 6873, Time: 00:08:46

Health: -11/63     AC:  6    Str: 20    XL:     8   Next: 57%
Magic:  8/8        EV:  8    Int: 10    God:
Gold:   371        SH:  0    Dex:  9    Spells: 7/7 levels left

rFire   . . .        a - +0 war axe (venom)
rCold   . . .        (no shield)
rNeg    . . .        b - +0 scale mail
rPois   .            (no helmet)
rElec   .            (no cloak)
rCorr   .            (no gloves)
SInv    .            (no boots)
Will    .....        (no amulet) Stlth
                     (no ring)
HPRegen 0.30/turn    (no ring)
MPRegen 0.11/turn

%: no passive effects
@: no status effects
A: runic magic, artefact enchanting
a: no special abilities


You were in a bailey.
You visited 1 branch of the dungeon, and saw 7 of its levels.
You also visited: Bailey.

You collected 371 gold pieces.


Innate Abilities, Weirdness & Mutations

Your spellcasting is much less encumbered by armour.
You can use scrolls of enchantment on lesser artefacts.


   Skills:
 - Level 3.2 Fighting
 + Level 13.0 Axes
 - Level 3.2 Armour
 - Level 3.2 Shields


You had 7 spell levels left.
You didn't know any spells.
Your spell library contained the following spells:

 Spells                   Type           Power      Damage    Failure   Level
 Magic Dart               Conj           0%         1d3       43%         1
 Blink                    Tloc           0%         N/A       58%         2
 Call Imp                 Summ           0%         N/A       58%         2
 Inner Flame              Hex/Fire       0%         N/A       82%         3
 Tukima's Dance           Hex            0%         N/A       82%         3
 Dimensional Bullseye     Hex/Tloc       0%         N/A       99%         4
 Flame Wave               Conj/Fire      0%         2d4       99%         4
 Iskenderun's Mystic Bla Conj/Tloc 0%             2d3        (+2d1     99%         4
 Sticky Flame             Fire/Alch      0%         2d4       99%         4

Inventory:

Hand Weapons
 a - a +0 war axe of venom (weapon)
Missiles
 g - a throwing net {=f}
Armour
 b - a +0 scale mail (worn)
 d - a +0 pair of boots
 t - a +1 pair of boots
Magical Staves
 k - a staff of conjuration {!a}
Jewellery
 T - a +4 ring of protection
Wands
 e - a wand of mindburst (32)
 h - a wand of polymorph (3)
 j - a wand of iceblast (4)
 r - a wand of paralysis (10)
Scrolls
 c - 3 scrolls of teleportation {@r2}
 n - 2 scrolls of amnesia
 p - 2 scrolls of identify {@r1}
Potions
 f - 2 potions of curing {unknown}
 i - 3 potions of haste {@q3}
 l - a potion of cancellation {unknown}
 m - a potion of mutation {unknown}
 o - a potion of degeneration {unknown}
 q - 3 potions of lignification
 s - a potion of enlightenment {unknown}

Dungeon Overview and Level Annotations

Branches:
Dungeon (7/15)             Bailey (1/1)
 Temple: D:4-7

Altars:
Ashenzari
Okawaru
Ru
Zin

Shops:
D:1 =?(*? D:4

( ♣♣...........♣♣♣
..............)♣
≈≈≈≈≈≈...≈≈≈≈≈≈≈♣
...............≈≈♣
................≈♣
▒▒▒▒▒▒'''▒▒▒▒▒▒.≈♣
▒...▒ .≈♣ ▒...▒
▒≈♣ ▒.@.▒ ≈♣ ▒▒'▒▒
▒)gg▒ ▒..)..▒
▒...)...▒
▒..$ß$..▒
▒.......▒
▒▒.....▒▒ ▒▒...▒▒


You could see a gnoll sergeant and a gnoll.


Message History

The mass of ice explodes!
The iceblast engulfs the gnoll sergeant but does no damage.
The gnoll sergeant is moderately wounded.
The iceblast engulfs the gnoll sergeant.
The gnoll sergeant is almost dead.
The iceblast engulfs the gnoll but does no damage.
The gnoll is severely wounded.
The iceblast engulfs the gnoll.
The gnoll is severely wounded.
The gnoll sergeant hits you from afar with a +0 bardiche!
* * * LOW HITPOINT WARNING * * *
The gnoll sergeant hits you from afar with a +0 halberd.
* * * LOW HITPOINT WARNING * * *
The gnoll closely misses you.
Unknown command.
Aiming: Iceblast
Press: ? - help, Shift-Dir - straight line, f/p - gnoll sergeant
Aim: a gnoll sergeant, wielding a +0 bardiche and wearing a +0 chain mail (moderately wounded)
The mass of ice explodes!
The iceblast engulfs the gnoll sergeant.
The gnoll sergeant is heavily wounded.
The iceblast engulfs the gnoll sergeant.
You kill the gnoll sergeant!
The iceblast engulfs the gnoll.
The gnoll is almost dead.
The iceblast engulfs the gnoll.
You kill the gnoll!
You hear a howl!
You hear a shout!
The gnoll sergeant hits you from afar with a +0 bardiche!!
You die...

Skill      XL: |  1  2  3  4  5  6  7  8 |
---------------+-------------------------+-----
Axes           | 3 4 5 6 7 9 11 13 | 13.0
Fighting       | |  3.2
Armour         | |  3.2
Shields        | |  3.2

Action                     |  1- 3 |  4- 6 |  7- 9 || total
---------------------------+-------+-------+-------++-------
  Melee: War axe           |    62 |   167 |   168 ||   397
  Evoke: Wand              |       |     3 |     4 ||     7
    Use: Scroll            |     4 |     9 |     3 ||    16
         Potion            |       |     2 |     3 ||     5
 Armour: Scale mail        |    53 |   127 |   134 ||   314
  Dodge: Dodged            |    29 |    66 |    78 ||   173

Levels and vault maps discovered:
D:1:      dpeg_arrival_leaves_temple_mockup, layout_loops_ring, serial_shops,
          nicolae_shop_bloodbath_and_beyond, shop_coins,
          nicolae_shop_gibbet_a_chance, nicolae_square_shop, shop
D:2:      minmay_general_purpose_star, layout_basic, uniq_terence, uniq_natasha
D:3:      kennysheep_the_goblin_king, layout_basic, zin_treasury
D:4:      layout_loops_corners, lemuel_round_altar, serial_shops, shop,
          minmay_misc_feat_cross, minmay_statues_item, dk_rats_in_the_wall
D:5:      layout_cave_pools
D:6:      minmay_inner_zag, layout_basic, mainiacjoe_overflow_alcove_2,
          nicolae_ru_path_of_blood, mainiacjoe_sewer_entry_somewhere_in_here_2
D:7:      layout_cave_pods, minmay_temple_entry_purple_smoke, enter_bailey_3,
          minmay_strange_pillars, item_on_display_a
Bailey:   bailey_polearm_gnolls_kennysheep, bailey

Notes
Turn   | Place    | Note
-------+----------+-------------------------------------------
     0 | D:1      | demibob the Mountain Dwarf Fighter began the quest for the
                  | Orb.
     0 | D:1      | Reached XP level 1. HP: 19/19 MP: 1/1
    82 | D:1      | Found Zoboh's Magic Scroll Boutique.
   164 | D:1      | Found Agosher's Weapon Boutique.
   174 | D:1      | Reached skill level 3 in Axes
   181 | D:1      | Found Wiosocla's Assorted Antiques.
   252 | D:1      | Reached XP level 2. HP: 26/26 MP: 2/2
   309 | D:1      | Found Kuinkor's Jewellery Boutique.
   447 | D:1      | Found Coeppiora's Magic Scroll Emporium.
   621 | D:1      | Reached skill level 4 in Axes
   852 | D:2      | Noticed Natasha
   859 | D:2      | Killed Natasha
   860 | D:2      | Reached XP level 3. HP: 17/31 MP: 3/3
  1202 | D:2      | Reached skill level 5 in Axes
  1390 | D:2      | Noticed Terence
  1395 | D:2      | Noticed Natasha
  1397 | D:2      | Killed Terence
  1398 | D:2      | Reached XP level 4. HP: 38/38 MP: 4/4
  1418 | D:2      | Killed Natasha
  1805 | D:2      | Noticed Natasha
  1810 | D:2      | Killed Natasha
  1811 | D:2      | Reached skill level 6 in Axes
  1930 | D:3      | Noticed Ijyb
  1940 | D:3      | Reached XP level 5. HP: 43/45 MP: 5/5
  1952 | D:3      | Killed Ijyb
  2680 | D:3      | Found a glowing silver altar of Zin.
  2940 | D:4      | Reached skill level 7 in Axes
  3515 | D:4      | Found Plog's Antique Weapon Shoppe.
  3578 | D:4      | Found a broken altar of Ashenzari.
  3645 | D:4      | Reached XP level 6. HP: 48/51 MP: 6/6
  3950 | D:4      | Reached skill level 8 in Axes
  4265 | D:5      | Entered Level 5 of the Dungeon
  4339 | D:5      | HP: 5/51 [iguana (6)]
  4553 | D:5      | Reached skill level 9 in Axes
  4576 | D:5      | Reached XP level 7. HP: 57/57 MP: 7/7
  4874 | D:5      | Reached skill level 10 in Axes
  5441 | D:6      | Reached skill level 11 in Axes
  5618 | D:6      | Reached XP level 8. HP: 42/63 MP: 8/8
  5772 | D:6      | Found an iron altar of Okawaru.
  5831 | D:6      | Reached skill level 12 in Axes
  6150 | D:6      | Found a sacrificial altar of Ru.
  6688 | D:7      | Found a flagged portal.
  6700 | Bailey   | Entered a bailey
  6871 | Bailey   | Reached skill level 13 in Axes
  6873 | Bailey   | Mangled by a gnoll sergeant

Vanquished Creatures
  2 centaurs (D:6)
  2 ogres
  A phantom (D:5)
  2 gnoll sergeants
  A scorpion (D:6)
  3 wights (D:5)
  A howler monkey (D:5)
  4 hounds
  3 orc priests
  A bombardier beetle (D:5)
  A jelly (D:5)
  3 iguanas
  Ijyb (D:3)
  Natasha (thrice) (D:2)
  2 orc wizards
  A sleepcap (D:6)
  Terence (D:2)
  7 gnolls
  8 adders
  2 shadow imps
  6 ufetubi (D:6)
  3 dart slugs
  20 orcs
  5 bats
  5 endoplasms
  3 giant cockroaches
  13 goblins
  4 hobgoblins
  7 jackals
  4 kobolds
  A quokka (D:2)
  4 ball pythons
  7 frilled lizards
  4 rats
135 creatures vanquished.

Vanquished Creatures (others)
  A goblin (D:3)
1 creature vanquished.

Grand Total: 136 creatures vanquished

Table legend: (Time is in decaauts)
 A = Elapsed time spent in this place.
 B = Non-inter-level travel time spent in this place.
 C = Inter-level travel time spent in this place.
 D = Time resting spent in this place.
 E = Time spent auto-exploring this place.
 F = Levels seen in this place.
 G = Mean time per level.
                   A        B        C        D        E       F      G
               +--------+--------+--------+--------+--------+-----+--------+
         Total |   6895 |   6710 |    185 |    453 |   5321 |   8 |  861.9 |
       Dungeon |   6725 |   6540 |    185 |    337 |   5311 |   7 |  960.7 |
        Bailey |    170 |    170 |      0 |    116 |     10 |   1 |  170.0 |
               +--------+--------+--------+--------+--------+-----+--------+

Top non-repeatable levels by time:
     D:4: 1491 daAuts
     D:6: 1457 daAuts
     D:2: 1183 daAuts
     D:3: 1050 daAuts
     D:1: 748 daAuts
     D:5: 736 daAuts
  Bailey: 170 daAuts
     D:7: 57 daAuts

Table legend:
 A = Non-vault XP
 B = Vault XP
 C = Vault XP percentage of total XP
 D = Non-vault monster count
 E = Vault monster count
 F = Vault count percentage of total count
                 A         B        C        D         E       F
            +---------+---------+-------+---------+---------+-------
      Total |    1665 |     652 |  28.1 |     106 |      30 |  22.1
            +---------+---------+-------+---------+---------+-------
        D:1 |      32 |       0 |   0.0 |      19 |       0 |   0.0
        D:2 |      82 |      74 |  47.4 |       8 |       6 |  42.9
        D:3 |      32 |      49 |  60.5 |      16 |       7 |  30.4
        D:4 |     192 |       0 |   0.0 |      23 |       0 |   0.0
        D:5 |     735 |       0 |   0.0 |      19 |       0 |   0.0
        D:6 |     455 |     294 |  39.3 |      15 |       6 |  28.6
        D:7 |     137 |       7 |   4.9 |       6 |       4 |  40.0
     Bailey |       0 |     228 | 100.0 |       0 |       7 | 100.0
            +---------+---------+-------+---------+---------+-------
